Map: [ESL] Tropical Sacrifice

Players

GuMiho

  • Race: Terran Terran
  • Spawn Location: 7:00

GungFuBanDa - Winner!

  • Race: Protoss Protoss
  • Spawn Location: 1:00

Event: DreamHack SC2 Masters 2022 Atlanta (Offline)

VOD

Have the link to the VOD?

Description

Time

  • Played on: Nov. 18, 2022, 7:44 p.m.
  • Length: 23:40

All games in this series

Show
View Real Time Build Order
Export as new Build Order

GuMiho Terran 

Build Orders:  

Get SALT Encoding   

  12  0:01  SCV  
  13  0:13  SCV  
  14  0:17  Supply Depot  
  14  0:25  SCV  
  15  0:39  SCV  
  15  0:40  Barracks  
  16  0:47  Refinery  
  16  0:51  SCV  
  17  0:57  Refinery  
  17  1:03  SCV  
  18  1:15  SCV  
  19  1:28  Reaper, Orbital Command  
  20  1:35  Supply Depot  
  20  1:45  Factory  
  20  1:54  SCV  
  21  2:01  Reaper, Bunker  
  22  2:06  SCV  
  23  2:18  SCV  
  26  2:30  Hellion, SCV  
  26  2:36  Reaper  
  28  2:40  Supply Depot  
  28  2:42  SCV  
  29  2:51  Command Center  
  29  2:54  SCV  
  29  2:57  Factory Tech Lab  
  30  3:06  Barracks  
  30  3:11  SCV  
  31  3:16  Cyclone  
  34  3:23  SCV  
  34  3:35  SCV, Bunker  
  34  3:37  Barracks  
  35  3:47  SCV  
  36  3:49  Siege Tank  
  36  3:51  Engineering Bay  
  39  3:57  Barracks Tech Lab  
  39  4:03  SCV  
  39  4:04  Orbital Command  
  39  4:08  Supply Depot  
  40  4:15  SCV  
  40  4:17  Stimpack  
  41  4:22  Barracks Reactor  
  41  4:25  Barracks Reactor  
  41  4:26  Marine  
  41  4:28  SCV, Terran Infantry Weapons Level 1  
  43  4:31  SCV  
  43  4:35  Missile Turret  
  44  4:43  SCV x2, Marine  
  47  4:47  Siege Tank  
  50  4:54  Refinery  
  50  4:55  SCV  
  50  4:56  Supply Depot  
  50  4:59  SCV  
  52  5:01  Marine  
  52  5:04  Marine x3  
  52  5:06  Marine  
  57  5:07  SCV  
  57  5:11  SCV  
  57  5:13  Starport  
  59  5:19  SCV  
  60  5:23  SCV  
  60  5:25  Siege Tank  
  64  5:31  SCV  
  70  5:35  Supply Depot  
  70  5:38  Supply Depot, SCV  
  70  5:41  Supply Depot  
  66  5:46  SCV  
  66  5:48  Command Center  
  67  5:50  SCV, Starport Reactor  
  67  5:54  Refinery  
  67  5:55  Marine x2  
  67  5:56  Combat Shield  
  67  5:57  Marine x2  
  70  5:59  Marine  
  73  6:04  Siege Tank  
  73  6:05  SCV  
  73  6:06  SCV  
  78  6:11  Supply Depot  
  78  6:18  SCV  
  77  6:23  SCV  
  77  6:24  Terran Infantry Armor Level 1  
  77  6:25  Marine x3  
  79  6:30  SCV  
  80  6:33  Medivac x2  
  80  6:35  SCV  
  80  6:38  Marauder  
  80  6:39  Marine  
  88  6:42  SCV, Marine  
  80  6:52  SCV  
  80  6:54  SCV  
  80  6:56  Barracks  
  80  6:57  Barracks  
  73  7:02  Marauder, Marine x4  
  73  7:05  SCV  
  73  7:06  SCV  
  76  7:09  Medivac x2  
  80  7:16  Factory Reactor  
  80  7:18  SCV x2  
  82  7:23  Armory  
  82  7:25  Engineering Bay, Concussive Shells  
  82  7:30  SCV x2  
  82  7:35  Orbital Command  
  86  7:37  Marauder, Marine  
  86  7:38  Marine  
  86  7:39  Marine  
  86  7:40  Marine  
  90  7:46  Refinery  
  90  7:47  SCV, Refinery  
  90  7:49  SCV  
  92  7:52  Barracks Tech Lab  
  92  7:55  Missile Turret, Marine  
  92  7:57  Widow Mine  
  95  7:59  SCV, Widow Mine  
  95  8:01  SCV  
  95  8:02  SCV  
  95  8:04  Marauder  
  95  8:05  Marauder  
  104  8:11  Supply Depot  
  104  8:12  Supply Depot  
  104  8:13  Terran Infantry Weapons Level 2  
  104  8:16  Marauder  
  104  8:17  Marine x3  
  104  8:18  Marine  
  110  8:21  Terran Infantry Armor Level 2  
  110  8:28  Ghost Academy  
  110  8:29  Widow Mine x2  
  110  8:31  Marauder  
  110  8:33  Marauder  
  118  8:36  Supply Depot x2  
  118  8:38  Supply Depot  
  118  8:41  SCV x3  
  120  8:57  Medivac x2  
  124  9:05  Command Center  
  124  9:13  Ghost x2  
  124  9:14  Ghost  
  124  9:15  Enhanced Shockwaves  
  130  9:18  Supply Depot  
  130  9:20  Barracks x2  
  130  9:22  Barracks  
  130  9:28  SCV  
  130  9:30  Missile Turret, Sensor Tower  
  131  9:32  Missile Turret  
  131  9:35  Medivac x2  
  131  9:38  Marine  
  136  9:42  Ghost  
  136  9:43  Marine x2  
  140  9:52  Ghost  
  142  10:06  Ghost  
  142  10:07  Marine x4  
  142  10:08  Barracks Tech Lab x2  
  142  10:09  Barracks Reactor  
  146  10:15  Marauder  
  146  10:16  Planetary Fortress  
  146  10:18  SCV x3  
  146  10:19  Missile Turret  
  153  10:21  Marauder  
  153  10:28  Marauder x2, Marine  
  157  10:29  Marine x3  
  157  10:30  Widow Mine x2  
  157  10:31  Medivac  
  169  10:35  Marauder  
  169  10:36  Terran Infantry Weapons Level 3  
  173  10:50  Marauder x4  
  167  11:09  Marauder, Marine x2  
  175  11:11  Marauder x2  
  175  11:12  Ghost x2  
  177  11:19  Command Center  
  177  11:22  Command Center, Marine  
  178  11:27  SCV x2  
  180  11:38  Terran Infantry Armor Level 3  
  180  11:49  SCV  
  180  11:51  Marauder  
  180  12:07  Supply Depot  
  179  12:08  Supply Depot  
  179  12:09  Supply Depot  
  179  12:18  Ghost  
  179  12:19  Marauder, Ghost  
  179  12:20  Ghost  
  179  12:21  Marauder  
  177  12:24  Marine  
  178  12:33  Sensor Tower  
  178  12:35  Marine x5  
  182  12:40  Ghost  
  182  12:41  Orbital Command, Marine, Ghost  
  189  12:46  Ghost  
  189  12:47  Ghost  
  189  12:48  Ghost  
  189  12:51  Command Center  
  189  12:53  Viking x2, Marine x3  
  189  12:54  Marine  
  189  12:55  Marine  
  196  13:01  Marine  
  197  13:09  Marauder  
  197  13:10  Marauder  
  197  13:11  Marine  
  190  13:16  Marauder x2  
  190  13:18  Marauder  
  139  13:27  Marine x2  
  139  13:31  Marauder  
  139  13:32  Marauder  
  129  13:34  Orbital Command  
  129  13:37  Marauder, Marine  
  129  13:38  Marauder  
  129  13:39  Marauder  
  129  13:40  Marine  
  120  13:49  Marine  
  120  13:50  Marine x3  
  120  13:52  Marauder  
  120  13:53  SCV x3, Marauder  
  120  13:55  Marine  
  132  13:58  Marauder  
  132  13:59  Medivac x2, Marauder  
  132  14:00  Marauder  
  142  14:12  Marine x3  
  142  14:13  Marauder  
  142  14:15  Marauder  
  142  14:16  Marine  
  150  14:20  Marauder  
  150  14:21  Marauder  
  150  14:22  Marauder  
  153  14:32  Marine x4  
  153  14:33  Marine  
  153  14:34  Widow Mine, Marine  
  153  14:35  Marauder  
  153  14:36  Marauder  
  153  14:38  Widow Mine  
  167  14:41  Marauder  
  169  14:46  Marauder x2  
  169  14:50  Marine  
  174  14:56  Marauder  
  174  14:58  Marauder, Marine x2  
  179  15:10  Command Center  
  179  15:14  Ghost x2  
  183  15:29  Ghost  
  183  15:41  Ghost x2  
  184  15:44  Missile Turret  
  186  15:50  Marauder x2, Marine x5  
  193  15:58  Marauder  
  190  16:10  Marauder  
  183  16:25  Ghost x2  
  175  16:27  Widow Mine x2  
  157  16:59  Marauder x2, Marine  
  157  17:00  Marauder x2, Marine x3  
  169  17:02  Marine x2  
  168  17:13  Orbital Command  
  144  17:25  Marauder  
  144  17:26  Marauder x2  
  126  17:34  Marauder x2  
  118  17:39  Marine x6  
  124  17:46  Marine  
  124  17:47  Marauder, Marine  
  125  17:54  Marine  
  125  17:55  Marine  
  125  17:56  Marine, Orbital Command  
  125  17:57  Orbital Command, Marine x5  
  127  18:05  Marauder x2  
  119  18:08  Marine  
  83  18:13  Marauder  
  83  18:14  Marine  
  83  18:17  Marine  
  83  18:18  Marine  
  88  18:22  Marine x3  
  84  18:39  Marine  
  84  18:40  Marauder x2  
  80  18:52  Marauder  
  82  19:00  Marine x2  
  82  19:01  Marauder  
  82  19:02  Marine  
  87  19:22  Marauder  
  85  19:35  Ghost  
  82  19:40  Ghost  
  83  19:46  Orbital Command  
  83  19:47  Marine  
  83  19:48  Marine  
  83  19:52  Orbital Command  
  76  19:55  SCV  
  74  20:24  Ghost x2  
  74  20:26  Ghost  
  82  20:33  Marine x2  
  82  20:38  Widow Mine  
  82  20:42  Missile Turret  
  83  20:45  Widow Mine  
  87  20:57  Marauder  
  87  20:58  Marine  
  88  21:09  Marauder x2  
  88  21:10  Orbital Command  
  87  21:16  Marine x2  
  89  21:18  Marine  
  89  21:25  Medivac  
  92  21:29  SCV  
  93  21:41  Barracks Tech Lab x2  
  93  21:44  Marauder  
  93  21:54  Marauder x2  
  89  21:55  Marauder  
  89  21:57  Marine x2  
  93  22:03  Orbital Command  
  93  22:04  Marauder, Marine  
  93  22:05  Marauder  
  97  22:13  Marauder  
  97  22:15  Marauder  
  97  22:34  Marauder x4, Marine  
  106  22:37  Marauder  
  96  22:45  Marauder  
  98  22:55  Marauder  
  98  22:56  Marine  
Show
View Real Time Build Order
Export as new Build Order

GungFuBanDa Protoss - Winner!

Build Orders: 1 Gate Expand, Colossus Rush 

Get SALT Encoding   

  12  0:00  Probe  
  13  0:12  Probe  
  14  0:17  Pylon  
  14  0:24  Probe (Chrono Boost)  
  15  0:36  Probe (Chrono Boost)  
  15  0:37  Gateway  
  16  0:44  Probe (Chrono Boost)  
  16  0:46  Assimilator  
  17  0:51  Probe  
  18  1:03  Probe  
  19  1:20  Nexus  
  19  1:29  Cybernetics Core  
  19  1:33  Probe (Chrono Boost)  
  20  1:42  Pylon  
  20  1:45  Probe (Chrono Boost)  
  21  1:48  Assimilator  
  21  1:53  Probe (Chrono Boost)  
  22  1:59  Probe  
  23  2:03  Stalker (Chrono Boost)  
  23  2:04  Warp Gate (Chrono Boost)  
  25  2:17  Probe  
  25  2:21  Pylon  
  26  2:26  Stalker (Chrono Boost)  
  26  2:29  Probe  
  28  2:33  Probe  
  29  2:41  Shield Battery  
  29  2:47  Stalker  
  30  2:54  Shield Battery  
  30  2:57  Probe  
  31  3:06  Gateway  
  31  3:11  Probe  
  32  3:14  Probe  
  33  3:23  Probe  
  34  3:27  Probe (Chrono Boost)  
  35  3:39  Probe (Chrono Boost)  
  35  3:40  Probe (Chrono Boost)  
  37  3:46  Sentry  
  37  3:47  Probe (Chrono Boost)  
  41  3:49  Robotics Facility, Probe (Chrono Boost)  
  41  3:52  Pylon  
  41  3:54  Probe  
  42  3:59  Probe  
  42  4:02  Sentry  
  45  4:04  Assimilator  
  45  4:06  Probe (Chrono Boost)  
  46  4:14  Probe (Chrono Boost), Assimilator  
  47  4:18  Probe (Chrono Boost)  
  47  4:20  Stalker  
  51  4:26  Twilight Council, Probe (Chrono Boost)  
  51  4:27  Probe (Chrono Boost)  
  51  4:31  Pylon  
  52  4:35  Probe  
  52  4:36  Pylon  
  52  4:37  Probe  
  54  4:44  Robotics Bay  
  54  4:49  Observer  
  54  4:50  Probe  
  54  4:51  Probe, Pylon  
  57  5:00  Sentry, Stalker  
  57  5:05  Probe x2  
  63  5:07  Blink (Chrono Boost), Pylon  
  63  5:18  Observer (Chrono Boost)  
  64  5:24  Gateway  
  64  5:26  Gateway  
  64  5:35  Colossus (Chrono Boost)  
  64  5:40  Probe  
  64  5:41  Probe  
  72  5:50  Nexus  
  72  5:53  Pylon  
  72  6:03  Stalker x2  
  72  6:22  Colossus (Chrono Boost)  
  72  6:24  Stalker  
  72  6:25  Zealot  
  80  6:26  Shield Battery  
  80  6:31  Probe  
  80  6:32  Zealot, Stalker  
  83  6:35  Probe  
  84  6:40  Pylon  
  82  6:50  Charge (Chrono Boost)  
  82  6:53  Stalker x2  
  80  6:54  Zealot  
  80  6:55  Observer  
  80  6:57  Observer  
  70  7:01  Probe  
  70  7:07  Probe  
  72  7:10  Sentry  
  72  7:11  Probe  
  72  7:12  Colossus (Chrono Boost)  
  72  7:13  Probe  
  82  7:16  Forge  
  82  7:19  Probe  
  83  7:23  Probe (Chrono Boost)  
  83  7:26  Sentry  
  83  7:27  Probe (Chrono Boost)  
  87  7:34  Forge  
  87  7:35  Probe x2 (Chrono Boost)  
  89  7:38  Observer, Pylon  
  89  7:42  Pylon  
  89  7:43  Probe (Chrono Boost)  
  89  7:44  Probe (Chrono Boost)  
  92  7:45  Extended Thermal Lance (Chrono Boost)  
  92  7:46  Probe (Chrono Boost)  
  92  7:49  Probe  
  92  7:50  Probe  
  94  7:55  Probe, Assimilator  
  94  7:57  Protoss Ground Weapons Level 1 (Chrono Boost), Assimilator  
  95  7:59  Pylon  
  95  8:00  Colossus (Chrono Boost)  
  95  8:02  Probe  
  95  8:04  Protoss Ground Armor Level 1 (Chrono Boost)  
  102  8:11  Gateway  
  102  8:14  Gateway  
  102  8:19  Pylon  
  102  8:23  Templar Archives  
  102  8:25  Gateway  
  102  8:26  Gateway  
  102  8:27  Stalker  
  102  8:32  Photon Cannon  
  102  8:33  Pylon  
  104  8:38  Zealot  
  106  8:46  Disruptor (Chrono Boost)  
  109  8:50  Stalker x2  
  111  8:57  Stalker  
  113  9:05  Pylon  
  113  9:09  Pylon  
  113  9:12  Zealot x3  
  113  9:13  Observer  
  119  9:17  Shield Battery  
  119  9:18  Zealot x2  
  119  9:19  Pylon  
  123  9:25  Observer (Chrono Boost), Photon Cannon  
  123  9:29  Robotics Facility  
  123  9:30  Gravitic Drive  
  124  9:45  Stalker, Pylon  
  124  9:46  Zealot x4, Stalker x2  
  124  9:51  Disruptor  
  141  9:57  Protoss Ground Armor Level 2 (Chrono Boost)  
  141  10:04  Protoss Ground Weapons Level 2 (Chrono Boost)  
  139  10:12  Pylon  
  139  10:16  High Templar x2  
  139  10:17  Disruptor  
  139  10:19  Nexus  
  139  10:21  Archon  
  146  10:26  Disruptor  
  146  10:27  Probe  
  150  10:28  Pylon  
  150  10:30  Stalker x2  
  154  10:36  Probe  
  154  10:37  Probe  
  154  10:40  Probe  
  155  10:45  Shield Battery  
  155  10:47  Photon Cannon  
  155  10:48  Probe  
  155  10:50  Pylon  
  155  10:52  Probe x2  
  155  10:55  Disruptor (Chrono Boost)  
  160  11:01  Observer  
  163  11:09  Disruptor (Chrono Boost)  
  159  11:19  Photon Cannon  
  159  11:20  Photon Cannon  
  159  11:21  Probe  
  159  11:22  Pylon  
  159  11:23  Observer  
  159  11:25  Disruptor (Chrono Boost)  
  159  11:26  Gravitic Boosters  
  159  11:28  Dark Shrine  
  159  11:30  Dark Shrine  
  159  11:32  Assimilator  
  162  11:34  Assimilator  
  162  11:35  Zealot  
  164  11:40  Zealot x7  
  175  12:06  Photon Cannon  
  175  12:07  Photon Cannon  
  175  12:09  Pylon  
  175  12:14  Observer (Chrono Boost)  
  177  12:21  Observer (Chrono Boost)  
  173  12:27  Stalker x5  
  173  12:28  Stalker x3  
  183  12:35  Nexus  
  183  12:36  Pylon  
  175  12:39  Shadow Stride (Chrono Boost), Protoss Ground Armor Level 3 (Chrono Boost)  
  175  12:40  Protoss Ground Weapons Level 3 (Chrono Boost)  
  175  12:43  Observer, Pylon  
  175  12:45  Gateway  
  175  12:48  Gateway  
  175  12:54  Dark Templar  
  175  12:55  Zealot, Dark Templar x4  
  187  12:59  Dark Templar  
  129  13:40  Zealot, Stalker x8  
  129  13:41  Disruptor (Chrono Boost)  
  117  13:55  Probe x2  
  119  13:58  Disruptor (Chrono Boost)  
  121  14:07  Zealot x5  
  121  14:08  Zealot x5  
  141  14:11  Disruptor (Chrono Boost)  
  142  14:26  Disruptor  
  129  14:31  Dark Templar  
  129  14:35  Nexus  
  125  14:42  Disruptor  
  123  14:52  Zealot x4  
  123  14:53  Sentry  
  133  15:01  Dark Templar  
  133  15:02  Disruptor  
  137  15:11  Zealot, Stalker x3  
  145  15:18  Disruptor  
  148  15:21  Pylon  
  145  15:37  Protoss Shields Level 1 (Chrono Boost)  
  145  15:38  Disruptor  
  144  15:45  Pylon  
  144  15:46  Zealot x10  
  160  15:53  Probe  
  160  15:54  Observer, Probe x2  
  160  15:55  Probe x2  
  162  16:07  Dark Templar x2  
  162  16:09  Zealot, Dark Templar  
  162  16:10  Zealot x8  
  177  16:13  Disruptor  
  177  16:15  Disruptor  
  173  16:18  Probe  
  173  16:24  Probe x2  
  163  16:39  Nexus  
  159  16:47  Dark Templar x3  
  159  16:48  Dark Templar x2  
  162  16:55  Probe  
  162  16:57  Shield Battery  
  162  16:58  Shield Battery  
  162  17:00  Stalker x5  
  141  17:31  Stalker x6  
  136  17:41  Zealot x4  
  136  17:48  Probe  
  136  17:49  Probe  
  136  18:00  Observer  
  136  18:02  Disruptor  
  136  18:12  Disruptor  
  115  18:15  Zealot x10  
  134  18:24  Photon Cannon  
  134  18:29  Pylon  
  122  18:43  Dark Templar x4  
  122  18:44  Zealot x6  
  142  18:54  Disruptor  
  141  19:12  Zealot x2  
  141  19:13  Zealot x4  
  151  19:17  Stalker x2  
  155  19:28  Zealot x2  
  155  19:29  Colossus  
  153  19:35  Stalker x3  
  153  19:36  Zealot x2, Stalker  
  151  20:05  Stalker x7  
  163  20:07  Assimilator  
  163  20:08  Assimilator  
  145  20:23  Nexus  
  145  20:25  Zealot x3  
  149  20:42  Colossus (Chrono Boost)  
  149  20:43  Immortal (Chrono Boost)  
  159  20:53  Nexus  
  159  20:55  Pylon  
  157  21:12  Zealot x10  
  157  21:16  Photon Cannon  
  157  21:17  Photon Cannon  
  177  21:18  Shield Battery  
  177  21:28  Disruptor (Chrono Boost)  
  181  21:37  Disruptor (Chrono Boost)  
  177  21:43  Observer  
  171  21:55  Dark Templar  
  173  22:02  Warp Prism (Chrono Boost), Stalker x3  
  173  22:03  Zealot x2, Warp Prism (Chrono Boost), Stalker x2  
  189  22:31  Observer  
  189  22:32  Dark Templar x3  
  189  22:33  Zealot  
  189  22:35  Assimilator x2  
  196  22:37  Pylon  
  194  22:44  Zealot  
  196  22:57  Zealot x4  
  191  23:16  Zealot x6  
  187  23:29  Dark Templar x2  
Tags
 
Add a new tag
Caveats
  • Supply blocks, unpowered buildings, or Contaminate may cause inaccurate times.
  • Supply counts are checked every 10 seconds.